 Dungeon Crawl Stone Soup version 0.30-a0-304-gdc4b735fe1 (webtiles) character file.

Game seed: 3464977293241621076

6973 ryw the Fighter (level 10, -2/75 HPs)
             Began as a Demonspawn Monk on Oct 21, 2022.
             Was an Elder of Hepliaklqana.
             Slain by a freezing wraith (8 damage)
             ... on level 9 of the Dungeon.
             The game lasted 00:18:07 (7929 turns).

ryw the Fighter (Demonspawn Monk)                   Turns: 7929, Time: 00:18:07

Health: -2/75      AC: 11    Str: 13    XL:     10   Next: 81%
Magic:  20/20      EV: 14    Int: 15    God:    Hepliaklqana [****..]
Gold:   323        SH:  0    Dex: 15    Spells: 22/22 levels left

rFire   . . .      SeeInvis +    a - +3 rapier (venom)
rCold   . . .      Faith    .    (no shield)
rNeg    . . .      Spirit   .    E - +2 leather armour of Yesterday {Rampage}
rPois   .          Reflect  .    o - +2 hat
rElec   .          Harm     .    c - scarf {+Inv}
rCorr   .          Rampage  +    (no gloves)
Will    .....                    (no boots)
Stlth   ++........               n - amulet of regeneration
HPRegen 1.12/turn                F - +4 ring of protection
MPRegen 0.17/turn                u - ring of see invisible

@: no status effects
A: reduced essence, hooves 2, horns 2, demonic guardian 1, ignite blood 1,
weakness stinger 2
a: Renounce Religion, Evoke Invisibility, Recall Ancestor, Ancestor Identity,
Transference, Idealise


You were on level 9 of the Dungeon.
You worshipped Hepliaklqana.
Hepliaklqana was greatly pleased with you.
You visited 1 branch of the dungeon, and saw 9 of its levels.
You also visited: Ossuary.

You collected 660 gold pieces.
You spent 337 gold pieces at shops.

Inventory:

Hand Weapons
 a - a +3 rapier of venom (weapon)
 l - a +0 shortbow
 r - a +3 dagger of flaming
 L - a +0 longbow
Missiles
 d - 28 poisoned darts (quivered)
 B - 3 atropa-tipped darts
Armour
 c - a scarf of invisibility (worn)
 o - a +2 hat (worn)
 E - the +2 leather armour of Yesterday (worn) {Rampage}
   (You bought it in a shop on level 8 of the Dungeon)

   Rampage:   It bestows one free step when moving towards enemies.
Magical Staves
 f - a staff of poison
Jewellery
 m - a ring of positive energy
 n - an amulet of regeneration (around neck)
 p - a ring of willpower
 u - a ring of see invisible (right hand)
 F - a +4 ring of protection (left hand)
 H - a ring of wizardry
 J - a ring of magical power
Scrolls
 e - 2 scrolls of identify
 g - a scroll of enchant armour
 i - a scroll of fear
 j - 4 scrolls of butterflies
 k - a scroll of magic mapping
 v - 3 scrolls of teleportation
 y - a scroll of brand weapon
 A - a scroll of enchant weapon
 K - a scroll of poison {unknown}
Potions
 b - 2 potions of ambrosia
 h - a potion of haste {unknown}
 q - 4 potions of flight
 s - a potion of resistance
 t - 2 potions of curing
 w - a potion of invisibility
 x - 5 potions of brilliance
 z - 5 potions of magic
 D - a potion of might {unknown}
 G - a potion of lignification {unknown}
 I - 2 potions of mutation {unknown}


   Skills:
 + Level 9.7 Fighting
 + Level 7.1 Short Blades
 - Level 5.0 Armour
 + Level 5.3 Dodging
 - Level 1.7 Stealth
 - Level 2.6 Unarmed Combat
 + Level 6.7 Spellcasting
 - Level 4.0 Evocations


You had 22 spell levels left.
You didn't know any spells.
Your spell library contained the following spells:

 Spells                   Type           Power      Damage    Failure   Level
 Apportation              Tloc           10%        N/A       17%         1
 Foxfire                  Conj/Fire      20%        2x1d5     17%         1
 Freeze                   Ice            20%        1d4       17%         1
 Kiss of Death            Conj/Necr      20%        2d7       17%         1
 Ensorcelled Hibernation  Hex/Ice        10%        N/A       26%         2
 Confusing Touch          Hex            5%         N/A       45%         3
 Frozen Ramparts          Ice            10%        1d2       45%         3
 Hailstorm                Conj/Ice       5%         3d4       45%         3
 Kindle Blastsparks       Fire/Tloc/Air  10%        2d10      45%         3
 Spider Form              Tmut/Pois      5%         N/A       45%         3
 Anguish                  Hex/Necr       2%         N/A       86%         4
 Dispel Undead            Necr           5%         3d7       86%         4
 Leda's Liquefaction      Hex/Erth       2%         N/A       86%         4
 Passage of Golubria      Tloc           5%         N/A       86%         4
 Sticky Flame             Conj/Fire      5%         2d3       86%         4
 Alistair's Intoxication  Tmut/Pois      3%         N/A       99%         5
 Lee's Rapid Deconstruct  Erth           2%         3d5*      99%         5
 Silence                  Hex/Air        2%         N/A       99%         5
 Statue Form              Tmut/Erth      3%         N/A       100%        6
 Lehudib's Crystal Spear  Conj/Erth      2%         10d2      100%        8


Dungeon Overview and Level Annotations

Branches:
Dungeon (9/15)             Temple (0/1) D:7             Orc (0/2) D:9
Ossuary (visited)
   Lair: D:8-11

Altars:
Gozag
Hepliaklqana
Kikubaaqudgha
Qazlal
Ru
Wu Jian

Shops:
D:8 =([

Annotations:
D:2 1 runed translucent door, Crazy Yiuf
D:4 Pikel


Innate Abilities, Weirdness & Mutations

Your life essence is reduced to manifest your ancestor. (-10% HP)
You have hoof-like feet.
You have a pair of horns on your head.
A weak demonic guardian rushes to your aid.
Your demonic aura sometimes causes spilled blood to erupt in flames.
You have a tail ending in a sharp stinger.


Message History

Jabu points at the freezing wraith and mumbles some strange words.
The freezing wraith easily resists.
Your ufetubus hits the freezing wraith but does no damage.
Your ufetubus closely misses the freezing wraith.
The freezing wraith hits Jabu!
The freezing wraith freezes Jabu!
Jabu resists.
Jabu is destroyed!
You rampage towards the freezing wraith!
You puncture the freezing wraith! You kick the freezing wraith.
Your headbutt misses the freezing wraith.
Your tail-slap misses the freezing wraith.
The freezing wraith is severely damaged.
Your ufetubus closely misses the freezing wraith.
Your ufetubus hits the freezing wraith but does no damage.
Your ufetubus misses the freezing wraith.
Your ufetubus hits the freezing wraith but does no damage.
Your ufetubus barely misses the freezing wraith. x2
The freezing wraith hits your ufetubus.
The freezing wraith freezes your ufetubus.
Your ufetubus resists.
Your ufetubus dies!
Your ufetubus disappears in a puff of smoke!
You hit the freezing wraith but do no damage.
The freezing wraith is severely damaged.
Your ufetubus barely misses the freezing wraith.
Your ufetubus hits the freezing wraith but does no damage.
The freezing wraith closely misses you.
The freezing wraith hits you but does no damage.
Your ufetubus hits the freezing wraith but does no damage. x2
You hit the freezing wraith but do no damage.
The freezing wraith is severely damaged.
Your ufetubus hits the freezing wraith but does no damage. x2
Unknown command.
You hit the freezing wraith but do no damage.
You tail-slap the freezing wraith, but do no damage.
The freezing wraith is severely damaged.
The freezing wraith hits you! The freezing wraith freezes you!
* * * LOW HITPOINT WARNING * * *
The freezing wraith hits you!
You die...

.###............)....#
.###).##.##.##...#####
.....)##.##..###'######
##
.###.###.###.##...#...#.
#. .....###.#
#.##.††'...'. #.
.<.......# #.##...#...#.
######. .....#####
#.###'###### #...##.
.....# #.##.)W#|.)#.
###.##. .##.)#
#.##.@5#...'.. #.##.
.##..# #.##...#:..#..
#.##. ###.<#
#.###'###### #.##.
###..#######.##.†.#
#.##.
##...........##...+
###.##.
.........######...#
#...##.
##............#####
######...
...#.....#######.#
###.####.## ####....##
#.# #.....##.#


You could see a freezing wraith (ally target) and a friendly ufetubus
(summoned).

Vanquished Creatures
  A two-headed ogre (D:9)
  A centaur warrior (D:9)
  A tengu conjurer (D:9)
  Eustachio (D:5)
  A basilisk (D:9)
  Menkaure (D:7)
  Duvessa (D:7)
  A water moccasin (D:6)
  4 orc warriors
  An ice beast (D:6)
  5 black bears
  An ogre (D:5)
  2 centaurs (D:8)
  A phantom (D:4)
  A lemure (D:4)
  2 kobold brigands
  3 bullfrogs
  2 necrophages
  A gnoll sergeant (D:9)
  2 scorpions
  4 water moccasin zombies (Ossuary)
  2 wights (D:9)
  Dowan (D:7)
  6 killer bees (D:9)
  3 crimson imps (D:8)
  A gnoll bouda (D:9)
  4 hounds
  A jelly (D:6)
  An iguana (D:4)
  An orc wizard (D:8)
  2 mummies (Ossuary)
  7 gnolls
  5 adders
  2 shadow imps (D:8)
  4 white imps
  2 adder zombies (Ossuary)
  4 worms
  A dart slug (D:5)
  16 orcs
  3 bats
  3 endoplasms
  3 giant cockroaches
  2 gnoll zombies (Ossuary)
  3 goblins
  4 hobgoblins
  2 jackals (D:1)
  15 kobolds
  A quokka (D:5)
  4 ball pythons
  2 frilled lizards
  2 hobgoblin zombies (Ossuary)
  8 kobold zombies (Ossuary)
  5 orc zombies (Ossuary)
  4 rats
  A spectral kobold (D:3)
162 creatures vanquished.

Vanquished Creatures (collateral kills)
  Erolcha (D:9)
  An ugly thing (D:9)
  A hornet (D:8)
  2 orc warriors (D:9)
  A centaur (D:6)
  An ogre (D:5)
  3 wights (D:9)
  A water moccasin zombie (Ossuary)
  2 crimson imps (D:8)
  A hound (D:5)
  4 gnolls (D:9)
  2 adder zombies (Ossuary)
  4 orcs
  2 kobolds (D:6)
26 creatures vanquished.

Vanquished Creatures (others)
  3 hexers (D:9)
3 creatures vanquished.

Grand Total: 191 creatures vanquished

Notes
Turn   | Place    | Note
-------+----------+-------------------------------------------
     0 | D:1      | ryw the Demonspawn Monk began the quest for the Orb.
     0 | D:1      | Reached XP level 1. HP: 18/18 MP: 1/1
   297 | D:1      | Gained mutation: A weak demonic guardian rushes to your
                  | aid. [demonic ancestry]
   297 | D:1      | Reached XP level 2. HP: 22/24 MP: 2/2
   958 | D:2      | Found a runed translucent door.
   959 | D:2      | Noticed Crazy Yiuf
  1015 | D:2      | Reached skill level 4 in Fighting
  1125 | D:2      | Reached skill level 1 in Armour
  1125 | D:2      | Gained mutation: Your demonic aura sometimes causes spilled
                  | blood to erupt in flames. [demonic ancestry]
  1125 | D:2      | Reached XP level 3. HP: 29/30 MP: 3/3
  1461 | D:3      | Found an ancient bone altar of Kikubaaqudgha.
  1614 | D:3      | Found a hazy altar of Hepliaklqana.
  1669 | D:3      | Became a worshipper of Hepliaklqana the Forgotten
  1669 | D:3      | Reached * piety under Hepliaklqana
  1669 | D:3      | Reached ** piety under Hepliaklqana
  1670 | D:3      | Remembered your ancestor Jabu as a hexer
  2044 | D:3      | Found an ornate altar of the Wu Jian Council.
  2630 | D:4      | Noticed a black bear
  2636 | D:4      | Discovered your monstrous ancestry.
  2636 | D:4      | Gained mutation: You have a small tail. [demonic ancestry]
  2636 | D:4      | Reached XP level 4. HP: 22/33 MP: 4/4
  2647 | D:4      | Killed a black bear
  2648 | D:4      | Reached skill level 1 in Short Blades
  2648 | D:4      | Reached skill level 1 in Evocations
  2648 | D:4      | Gained mutation: You have a pair of small horns on your
                  | head. [demonic ancestry]
  2648 | D:4      | Reached XP level 5. HP: 28/37 MP: 5/5
  2679 | D:4      | Noticed a lemure
  2679 | D:4      | Noticed a lemure
  2686 | D:4      | Noticed Pikel
  2725 | D:4      | Killed a lemure
  2766 | D:4      | You fall into a shaft and drop 3 floors!
  2797 | D:7      | Noticed Menkaure
  2817 | D:7      | Killed Menkaure
  2818 | D:7      | Gained mutation: You have a tail ending in a sharp stinger.
                  | [demonic ancestry]
  2818 | D:7      | Reached XP level 6. HP: 6/44 MP: 4/6
  2857 | D:7      | Noticed Duvessa
  2880 | D:7      | Found an opulent altar of Gozag.
  2941 | D:7      | Found a staircase to the Ecumenical Temple.
  2970 | D:7      | Noticed an orc warrior
  2977 | D:7      | Killed an orc warrior
  2978 | D:7      | Gained mutation: You have large cloven feet. [demonic
                  | ancestry]
  2978 | D:7      | Reached XP level 7. HP: 49/49 MP: 7/7
  3088 | D:6      | Reached skill level 5 in Fighting
  3100 | D:5      | Entered Level 5 of the Dungeon
  3149 | D:4      | Found a sand-covered staircase.
  3158 | Ossuary  | Entered an ossuary
  3235 | Ossuary  | Reached *** piety under Hepliaklqana
  3269 | Ossuary  | Gained mutation: You have hoof-like feet. [demonic
                  | ancestry]
  3269 | Ossuary  | Reached XP level 8. HP: 34/55 MP: 5/8
  3453 | D:4      | Got the Vellum of the Frigid Arsonist
  3892 | D:4      | Found a sacrificial altar of Ru.
  4076 | D:5      | Reached skill level 5 in Short Blades
  4076 | D:5      | Reached skill level 5 in Armour
  4246 | D:5      | Reached skill level 6 in Fighting
  4280 | D:5      | Reached skill level 1 in Spellcasting
  4564 | D:5      | Noticed Eustachio
  4578 | D:5      | Killed Eustachio
  4653 | D:6      | Reached XP level 9. HP: 60/63 MP: 11/13
  4680 | D:6      | Reached skill level 7 in Fighting
  5261 | D:6      | Reached **** piety under Hepliaklqana
  5329 | D:7      | Killed Duvessa
  5495 | D:7      | Noticed Dowan
  5504 | D:7      | Killed Dowan
  5721 | D:7      | Found the +7 Kryia's mail coat {PotionHeal*2 rC+}
  6011 | D:8      | Reached skill level 8 in Fighting
  6221 | D:8      | Found Itugevot's Jewellery Emporium.
  6327 | D:8      | Found Deubot's Armour Shop.
  6342 | D:8      | Bought the +2 leather armour of Yesterday {Rampage} for 190
                  | gold pieces
  6404 | D:8      | Found Nuugarrerph's Antique Weapon Shop.
  6408 | D:8      | Bought a runed rapier for 147 gold pieces
  6429 | D:8      | Found a stormy altar of Qazlal.
  6518 | D:8      | Reached skill level 5 in Spellcasting
  7215 | D:9      | Found a staircase to the Orcish Mines.
  7221 | D:9      | Gained mutation: You have a pair of horns on your head.
                  | [demonic ancestry]
  7221 | D:9      | Reached XP level 10. HP: 51/70 MP: 18/18
  7528 | D:9      | Noticed Erolcha
  7536 | D:9      | Killed Erolcha
  7537 | D:9      | Reached skill level 9 in Fighting
  7844 | D:9      | Noticed a cyan ugly thing
  7845 | D:9      | Noticed a centaur warrior
  7849 | D:9      | Killed a cyan ugly thing
  7852 | D:9      | Killed a centaur warrior
  7903 | D:9      | Noticed a two-headed ogre
  7914 | D:9      | Reached skill level 5 in Dodging
  7918 | D:9      | Killed a two-headed ogre
  7920 | D:9      | HP: 1/75 [freezing wraith (18)]
  7929 | D:9      | Slain by a freezing wraith

Illustrated notes

Levels and vault maps discovered:
D:1:      dpeg_arrival_shrine, layout_rooms, serial_curves, eino_curves_04,
          eino_curves_02, corexii_leaking_fountain, minmay_hedge_maze
D:2:      layout_loops_ring, minivault_26, uniq_crazy_yiuf_cottage
D:3:      layout_loops_ring, marbit_many_paths, lemuel_tele_altar,
          nicolae_hepliaklqana_monster_ancestors, old_standard_altar,
          roderic_lattice_a
D:4:      minmay_recursive_quarters, layout_basic, mainiacjoe_overflow_alcove_1,
          nicolae_ossuary_entry_ruins, amcnicky_mini_rare_corridor_liquid,
          uniq_pikel
D:5:      layout_loops_ring, uniq_eustachio
D:6:      layout_loops_ring, minmay_misc_feat_ornament
D:7:      layout_basic, mainiacjoe_overflow_boulevard,
          minmay_temple_entry_ruins, minmay_misc_feat_cross, uniq_duvessa,
          uniq_menkaure
D:8:      layout_loops_cross, lemuel_coloured_pillars_altar, serial_shops,
          shop_coins, nicolae_diamond_shop, shop, minmay_nine_imps
D:9:      layout_loops_ring, david_orc_2, minmay_misc_feat_plants,
          hangedman_decor_clover_reticule, minmay_evil_grid, uniq_erolcha

Skill      XL: |  1  2  3  4  5  6  7  8  9 10 |
---------------+-------------------------------+-----
Fighting       | 4 5 6 8 9 |  9.7
Armour         | 1 2 3 4 5 |  5.0
Short Blades   | 1 3 4 5 7 |  7.1
Evocations     | 1 2 3 4 |  4.0
Spellcasting   | 2 5 6 |  6.7
Dodging        | 3 5 |  5.3
Stealth        | |  1.7
Unarmed Combat | |  2.6

Action                   |  1- 3 |  4- 6 |  7- 9 | 10-12 || total
-------------------------+-------+-------+-------+-------++-------
Melee: Unarmed           |    70 |       |       |       ||    70
       Dagger            |    51 |    45 |   269 |       ||   365
       Punch             |     3 |     2 |     6 |     1 ||    12
       Tailslap          |       |     6 |    46 |     9 ||    61
       Headbutt          |       |     6 |    70 |    12 ||    88
       Kick              |       |       |    98 |    18 ||   116
       Rapier            |       |       |    54 |    66 ||   120
Invok: Ancestor Life: He |     1 |       |       |       ||     1
       Recall Ancestor   |       |     2 |     2 |       ||     4
  Use: Scroll            |    10 |       |     9 |       ||    19
       Potion            |     3 |     2 |       |     1 ||     6
 Stab: Sleeping          |     3 |       |     4 |     1 ||     8
       Distracted        |     1 |     1 |     4 |     1 ||     7
       Confused          |       |     1 |     7 |     2 ||    10
Armor: Leather armour    |    25 |    11 |    92 |    17 ||   145
       Robe              |     2 |       |       |       ||     2
Dodge: Dodged            |    59 |    20 |   168 |    38 ||   285

Table legend: (Time is in decaauts)
 A = Elapsed time spent in this place.
 B = Non-inter-level travel time spent in this place.
 C = Inter-level travel time spent in this place.
 D = Time resting spent in this place.
 E = Time spent auto-exploring this place.
 F = Levels seen in this place.
 G = Mean time per level.
                   A        B        C        D        E       F      G
               +--------+--------+--------+--------+--------+-----+--------+
         Total |   7849 |   7478 |    371 |    340 |   5685 |  10 |  784.9 |
       Dungeon |   7621 |   7250 |    371 |    340 |   5573 |   9 |  846.8 |
       Ossuary |    227 |    227 |      0 |      0 |    112 |   1 |  227.0 |
               +--------+--------+--------+--------+--------+-----+--------+

Top non-repeatable levels by time:
     D:3: 960 daAuts
     D:4: 958 daAuts
     D:8: 958 daAuts
     D:2: 947 daAuts
     D:9: 940 daAuts
     D:7: 932 daAuts
     D:6: 750 daAuts
     D:5: 667 daAuts
     D:1: 506 daAuts
 Ossuary: 227 daAuts
